 Dungeon Crawl Stone Soup version 0.28-a0-622-gbaef9634d7 (webtiles) character file.

Game seed: 2845711399738439988

4792 kae the Cleaver (level 10, -15/94 HPs)
             Began as a Hill Orc Fighter on Oct 7, 2021.
             Was a Believer of Okawaru.
             Demolished by a boulder beetle (24 damage)
             ... on level 9 of the Dungeon.
             The game lasted 00:05:52 (11730 turns).

kae the Cleaver (Hill Orc Fighter)                 Turns: 11730, Time: 00:05:53

Health: -15/94     AC: 10    Str: 23    XL:     10   Next: 48%
Magic:  24/24      EV: 11    Int:  8    God:    Okawaru [**....]
Gold:   384        SH: 10    Dex: 10    Spells: 9/9 levels left

rFire   + + .      SeeInvis +   a - +1 war axe
rCold   . . .      Faith    .   c - +0 buckler
rNeg    . . .      Spirit   .   b - +0 scale mail
rPois   .          Reflect  +   (no helmet)
rElec   .          Harm     .   n - +1 cloak
rCorr   .          Rampage  .   (no gloves)
Will    .....                   (no boots)
Stlth   +.........              f - amulet "Kiqevaom" {Reflect rF++ MP+9 SH+5}
HPRegen 0.25/turn               A - ring of see invisible
MPRegen 0.19/turn               (no ring)

@: about to teleport, heroic
A: no striking features
a: Renounce Religion, Heroism


You were on level 9 of the Dungeon.
You worshipped Okawaru.
Okawaru was pleased with you.
You visited 2 branches of the dungeon, and saw 10 of its levels.
You also visited: Sewer.

You collected 384 gold pieces.

Inventory:

Hand Weapons
 a - a +1 war axe (weapon)
 v - a +0 battleaxe
Armour
 b - a +0 scale mail (worn)
 c - a +0 buckler (worn)
 n - a +1 cloak (worn)
Jewellery
 e - an amulet of guardian spirit
 f - the amulet "Kiqevaom" (around neck) {Reflect rF++ MP+9 SH+5}
   (You acquired it on level 2 of the Dungeon)

   [amulet of reflection]

   It reflects blocked missile attacks.
   rF:        It greatly protects you from fire.
   MP:        It affects your magic capacity (+9).
   SH:        It affects your SH (+5).
 x - a ring of fire
 y - a +6 ring of dexterity
 A - a ring of see invisible (left hand)
Wands
 q - a wand of polymorph (8)
 r - a wand of iceblast (5)
 s - a wand of flame (31)
Scrolls
 o - 5 scrolls of teleportation
 t - 2 scrolls of enchant weapon
 u - a scroll of fear
 w - a scroll of enchant armour
 B - a scroll of identify
Potions
 d - a potion of might
 g - 2 potions of brilliance
 h - 2 potions of lignification
 i - a potion of heal wounds {unknown}
 j - 5 potions of mutation {unknown}
 k - 5 potions of curing {unknown}
 l - 2 potions of resistance {unknown}
 m - a potion of magic {unknown}
 p - 2 potions of haste {unknown}
 z - 2 potions of flight {unknown}


   Skills:
 + Level 10.4(15.4) Fighting
 * Level 14.9(19.9) Axes
 - Level 3.2(8.2) Armour
 - Level 3.2(8.2) Shields
 + Level 7.0 Invocations


You had 9 spell levels left.
You didn't know any spells.
Your spell library contained the following spells:

 Spells                   Type           Power      Damage    Failure   Level
 Sublimation of Blood     Necr           0%         N/A       82%         2
 Wereblood                Tmut           0%         N/A       82%         2
 Portal Projectile        Hex/Tloc       0%         N/A       96%         3
 Leda's Liquefaction      Hex/Erth       0%         N/A       100%        4
 Call Canine Familiar     Summ           Unusable   N/A       N/A         3
 Summon Hydra             Summ           Unusable   N/A       N/A         7

Dungeon Overview and Level Annotations

Branches:
Dungeon (9/15)             Temple (1/1) D:5           Sewer (visited)
   Lair: D:8-11         Orc: D:9-12

Altars:
Ashenzari
Cheibriados
Dithmenos
Elyvilon
Fedhas
Gozag
Hepliaklqana
Kikubaaqudgha
Nemelex Xobeh
Okawaru
Qazlal
Ru
Sif Muna
Trog
Uskayaw
Vehumet
Wu Jian
Xom
Yredelemnul
Zin
The Shining One

Shops:
D:1 (   D:7 :


Message History

You hit the boulder beetle.
The boulder beetle is lightly wounded.
The boulder beetle bites you but does no damage.
A howler monkey comes into view.
You slash the boulder beetle!
The boulder beetle is lightly wounded.
You block the boulder beetle's attack.
You slash the boulder beetle!
The boulder beetle is moderately wounded.
A howler monkey comes into view.
You barely miss the boulder beetle.
The boulder beetle is moderately wounded.
The boulder beetle barely misses you.
You barely miss the boulder beetle.
The boulder beetle is moderately wounded.
The howler monkey hoots and howls with incredible vigour!
The boulder beetle bites you!
The howler monkey hoots and howls with incredible vigour!
You slash the boulder beetle!
The boulder beetle is moderately wounded.
The boulder beetle closely misses you.
You hit the boulder beetle.
The boulder beetle is moderately wounded.
You hit the boulder beetle but do no damage.
The boulder beetle is moderately wounded.
The boulder beetle bites you!!
* * * LOW HITPOINT WARNING * * *
You hit the boulder beetle but do no damage.
The boulder beetle is moderately wounded.
The boulder beetle bites you!
* * * LOW HITPOINT WARNING * * *
You hit the boulder beetle but do no damage.
The boulder beetle is moderately wounded.
You hit the boulder beetle.
The boulder beetle is heavily wounded.
The boulder beetle bites you!
* * * LOW HITPOINT WARNING * * *
As you read the scroll of teleportation, it crumbles to dust.
You feel strangely unstable. The boulder beetle bites you!!
You die...

.........). #.#.#'#
...........# ... #.#.#.#
...........# . >.
..#.#.# ...........# ..
#. ###.#.# ######....
.#.#####.#.# ..#######
......#.#.#
....h.h.#######.##.#.#.#
#B##....#.<#.#.#.#
#@##.##.#......#.#
#....##....#.###.#
#.##########.# #.# #.#
#......###.# ###
#.####...#.# #.# #.#.#.#
#.# #.#.#.# #.####.#.#.#
#....#.#.#.#


You could see a boulder beetle and a howler monkey.

Vanquished Creatures
  A two-headed ogre (D:9)
  Pikel (D:7)
  A hornet (D:9)
  A wraith (D:9)
  5 water moccasins
  An orc warrior (D:8)
  2 ice beasts
  2 sky beasts
  A necrophage (D:6)
  3 ogres
  2 centaurs (D:5)
  3 lemures (D:7)
  4 kobold brigands
  2 bullfrogs
  A gnoll sergeant (D:9)
  2 scorpions
  A water moccasin skeleton (D:6)
  6 wights
  3 howler monkeys (D:7)
  2 centaur zombies
  3 hounds
  2 bullfrog skeletons
  2 jellies
  5 orc priests
  Jessica (D:2)
  An iguana (D:6)
  5 orc wizards
  2 hound skeletons (D:5)
  9 gnolls
  12 adders
  A white imp (D:7)
  An adder skeleton (D:4)
  3 worms
  26 orcs
  11 ball pythons
  3 bats
  3 endoplasms
  2 giant cockroaches
  3 goblins
  7 hobgoblins
  7 jackals (Sewer)
  7 quokkas
  4 frilled lizards
  38 kobolds
  3 rats
205 creatures vanquished.

Vanquished Creatures (others)
  2 fungi (D:3)
  16 plants
18 creatures vanquished.

Grand Total: 223 creatures vanquished

Notes
Turn   | Place    | Note
-------+----------+-------------------------------------------
     0 | D:1      | kae the Hill Orc Fighter began the quest for the Orb.
     0 | D:1      | Reached XP level 1. HP: 19/19 MP: 1/1
    55 | D:1      | Reached skill level 3 in Axes
   164 | D:1      | Found Soiwkeli's Weapon Emporium.
   292 | D:1      | Reached XP level 2. HP: 18/27 MP: 2/2
   817 | D:2      | Noticed Jessica
   823 | D:2      | Killed Jessica
   824 | D:2      | Reached skill level 4 in Axes
   824 | D:2      | Reached XP level 3. HP: 30/33 MP: 3/3
   963 | D:2      | Reached skill level 5 in Axes
   963 | D:2      | Reached XP level 4. HP: 21/41 MP: 1/4
  1791 | D:2      | Identified a scroll of acquirement
  1791 | D:2      | Acquired the amulet "Kiqevaom" {Reflect rF++ MP+9 SH+5}
  2070 | D:3      | Found a glowing drain.
  2117 | Sewer    | Entered a sewer
  2203 | Sewer    | Reached XP level 5. HP: 44/47 MP: 5/5
  2323 | Sewer    | Reached skill level 6 in Axes
  2415 | Sewer    | Reached skill level 5 in Fighting
  3416 | D:3      | Found a faded altar of an unknown god.
  3625 | D:4      | Reached skill level 7 in Axes
  3625 | D:4      | Reached XP level 6. HP: 35/56 MP: 6/6
  4371 | D:4      | Reached skill level 8 in Axes
  4371 | D:4      | Reached XP level 7. HP: 33/63 MP: 7/7
  4763 | D:5      | Entered Level 5 of the Dungeon
  4929 | D:5      | You fall into a shaft and drop 1 floor!
  5003 | D:6      | Reached skill level 9 in Axes
  5292 | D:6      | Reached XP level 8. HP: 46/73 MP: 8/8
  5421 | D:6      | Reached skill level 10 in Axes
  5964 | D:5      | Found a staircase to the Ecumenical Temple.
  5980 | Temple   | Entered the Ecumenical Temple
  6273 | Temple   | Became a worshipper of Warmaster Okawaru
  6306 | D:5      | Reached skill level 11 in Axes
  6597 | D:5      | Reached skill level 1 in Invocations
  6834 | D:5      | Reached * piety under Okawaru
  6835 | D:5      | Reached XP level 9. HP: 28/82 MP: 10/10
  7777 | D:6      | Reached skill level 12 in Axes
  8634 | D:7      | Found Zaoned's Book Shoppe.
  9147 | D:7      | Noticed Pikel
  9160 | D:7      | Killed Pikel
  9161 | D:7      | Reached skill level 13 in Axes
  9480 | D:7      | Reached ** piety under Okawaru
  9525 | D:7      | Reached skill level 5 in Invocations
 10427 | D:8      | Reached XP level 10. HP: 82/92 MP: 14/14
 10443 | D:8      | Reached skill level 14 in Axes
 10853 | D:9      | Noticed a two-headed ogre
 10860 | D:9      | Killed a two-headed ogre
 10861 | D:9      | Reached skill level 10 in Fighting
 11084 | D:9      | Paralysed by a hornet for 2 turns
 11708 | D:9      | Noticed a boulder beetle
 11730 | D:9      | Demolished by a boulder beetle

Illustrated notes

Levels and vault maps discovered:
D:1:      kennysheep_arrival_forest, layout_rooms, serial_shops, shop
D:2:      layout_loops_ring, uniq_jessica
D:3:      layout_loops_corners, shapermc_ecumenical_altar_petra,
          portal_sewer_entry_f
D:4:      cheibrodos_old_hovel, layout_basic
D:5:      layout_loops_ring, minmay_temple_entry_grid
D:6:      layout_basic, hangedman_abyss_or_decor_lesser_grid
D:7:      layout_gridville, serial_shops, kennysheep_mini, uniq_pikel
D:8:      layout_rooms
D:9:      layout_basic
Temple:   roderic_octagonal_lattice_temple

Skill      XL: |  1  2  3  4  5  6  7  8  9 10 |
---------------+-------------------------------+-----
Axes           | 3 4 5 7 8 9 11 13 14 | 14.9
Fighting       | 4 5 6 7 8 9 10 | 10.4
Invocations    | 2 5 7 |  7.0
Armour         | |  3.2
Shields        | |  3.2

Action                   |  1- 3 |  4- 6 |  7- 9 | 10-12 || total
-------------------------+-------+-------+-------+-------++-------
Melee: War axe           |    64 |   230 |   316 |    82 ||   692
Invok: Heroism           |       |       |     7 |     3 ||    10
  Use: Scroll            |       |     5 |     5 |     4 ||    14
Armor: Scale mail        |    28 |    50 |    88 |    21 ||   187
Dodge: Dodged            |    27 |    94 |    83 |    23 ||   227
Block: Buckler           |    10 |    90 |   144 |    39 ||   283
       Reflection        |       |     2 |     4 |       ||     6

Table legend: (Time is in decaauts)
 A = Elapsed time spent in this place.
 B = Non-inter-level travel time spent in this place.
 C = Inter-level travel time spent in this place.
 D = Time resting spent in this place.
 E = Time spent auto-exploring this place.
 F = Levels seen in this place.
 G = Mean time per level.
                   A        B        C        D        E       F      G
               +--------+--------+--------+--------+--------+-----+--------+
         Total |  11921 |  11545 |    376 |   1588 |   8553 |  11 | 1083.7 |
       Dungeon |  10802 |  10453 |    349 |   1588 |   7640 |   9 | 1200.2 |
        Temple |    311 |    284 |     27 |      0 |    261 |   1 |  311.0 |
         Sewer |    807 |    807 |      0 |      0 |    651 |   1 |  807.0 |
               +--------+--------+--------+--------+--------+-----+--------+

Top non-repeatable levels by time:
     D:7: 1957 daAuts
     D:6: 1815 daAuts
     D:5: 1393 daAuts
     D:4: 1326 daAuts
     D:2: 1239 daAuts
     D:3: 929 daAuts
     D:9: 871 daAuts
   Sewer: 807 daAuts
     D:1: 673 daAuts
     D:8: 596 daAuts
  Temple: 311 daAuts
